 Dungeon Crawl Stone Soup version 0.28-a0-802-g09f76e8c00 (webtiles) character file.

Game seed: 11349832330241910303

27 croobank the Stinger (level 3, 0/21 HPs)
             Began as an Octopode Venom Mage on Nov 6, 2021.
             Succumbed to a goblin's poison
             ... on level 1 of the Dungeon.
             The game lasted 00:06:03 (872 turns).

croobank the Stinger (Octopode Venom Mage)           Turns: 872, Time: 00:06:04

Health: 0/21       AC:  1    Str:  8    XL:     3   Next: 10%
Magic:  6/6        EV: 13    Int: 17    God:
Gold:   11         SH:  0    Dex: 12    Spells: 6/6 levels left

rFire   . . .      SeeInvis .   a - +0 club
rCold   . . .      Faith    .   (no shield)
rNeg    . . .      Spirit   .   (helmet restricted)
rPois   .          Reflect  .   f - amulet of magic regeneration
rElec   .          Harm     .   (no ring)
rCorr   .          Rampage  .   (no ring)
Will    .....                   (no ring)
Stlth   +++.......              (no ring)
HPRegen 0.07/turn               (no ring)
MPRegen 0.35/turn               (no ring)
                                (no ring)
                                (no ring)

@: lethally poisoned (0 -> -3)
A: almost no armour, amphibious, 8 rings, camouflage 1, gelatinous body 1,
(nimble swimmer 1), tentacles
a: no special abilities


You were on level 1 of the Dungeon.
You visited 1 branch of the dungeon, and saw 1 of its levels.

You collected 11 gold pieces.

Inventory:

Hand Weapons
 a - a +0 club (weapon)
 c - a +0 dagger
Missiles
 d - 18 arrows
Jewellery
 f - an amulet of magic regeneration (around mantle)
Scrolls
 b - a scroll of noise


   Skills:
 + Level 2.3 Dodging
 + Level 2.7 Stealth
 + Level 2.2 Spellcasting
 + Level 1.3 Transmutations
 + Level 4.3 Poison Magic


You had 6 spell levels left.
You didn't know any spells.
Your spell library contained the following spells:

 Spells                   Type           Power      Damage    Failure   Level
 Sting                    Tmut/Pois      44%        1d5       6%          1
 Poisonous Vapours        Pois/Air       18%        N/A       12%         2
 Mephitic Cloud           Conj/Pois/Air  6%         N/A       30%         3
 Olgreb's Toxic Radiance  Pois           16%        N/A       32%         4


Dungeon Overview and Level Annotations

Branches:
Dungeon (1/15)

Altars:

Annotations:
D:1 1 runed translucent door


Innate Abilities, Weirdness & Mutations

You cannot wear most types of armour.
You are amphibious.
You can wear up to eight rings at the same time.
Your skin changes colour to match your surroundings (Stealth+).
Your rubbery body absorbs attacks. (AC +1, EV +1)
((You are camouflaged near water. (Stealth+)))
You have tentacles for arms and can constrict up to eight enemies at once.


Message History

f - an amulet of magic regeneration (around mantle)
A goblin comes into view.
It is wielding a +0 club and quivering poisoned darts.
The goblin shouts!
The goblin throws a poisoned dart.
The poisoned dart hits you!
You are poisoned.
You feel very sick.
Aiming: Sting (safe; 6% risk of failure)
Press: ? - help, Q - select action Shift-Dir - straight line, f - you That beam is likely to hit you.
Continue anyway? [Y]es or [N]o only, please.
That beam is likely to hit you.
Continue anyway?
Okay, then.
You feel sick.
The goblin throws a poisoned dart.
The poisoned dart hits you!
You are lethally poisoned!
Aiming: Sting (safe; 6% risk of failure)
Press: ? - help, Q - select action Shift-Dir - straight line, f - goblin
Aim: a goblin, wielding a +0 club and quivering poisoned darts (64% to hit)
The sting hits the goblin.
The goblin is poisoned.
The goblin is severely wounded.
You feel very sick.
You kill the goblin!
You feel very sick.
You feel very sick.
* * * LOW HITPOINT WARNING * * *
You feel sick.
You aren't carrying any potions.
Unknown command.
* * * LOW HITPOINT WARNING * * *
You feel sick.
* * * LOW HITPOINT WARNING * * *
You feel sick.
There is a lethal amount of poison in your body!
As you read the scroll labelled UFEEDWIPLE, it crumbles to dust.
It is a scroll of amnesia.
Forget Sting, freeing 1 spell level for a total of 6?
Your memory of Sting unravels.
* * * LOW HITPOINT WARNING * * *
You feel sick.
There is a lethal amount of poison in your body!
You die...

##............##.# ...
#......####...##.##
....##......## ######...
#............###########
#....#...†...#..........
.....#.............#####
#...#.............####
.#...............##..
#.##..@............##.#
#..........)......##.#
..##)#(##...............##.#
..#.....#...............##..
.............)####......##†#
.r....#............#....####
........................##..
........................#...
..........##.#..........#.†#


There were no monsters in sight!

Vanquished Creatures
  A gnoll (D:1)
  An endoplasm (D:1)
  2 goblins (D:1)
  A hobgoblin (D:1)
  3 jackals (D:1)
  A quokka (D:1)
  4 bats (D:1)
  A frilled lizard (D:1)
  3 rats (D:1)
17 creatures vanquished.

Notes
Turn   | Place    | Note
-------+----------+-------------------------------------------
     0 | D:1      | croobank the Octopode Venom Mage began the quest for the
                  | Orb.
     0 | D:1      | Reached XP level 1. HP: 11/11 MP: 3/3
     1 | D:1      | Found a runed translucent door.
    71 | D:1      | Reached skill level 4 in Poison Magic
   308 | D:1      | Reached XP level 2. HP: 14/17 MP: 3/5
   769 | D:1      | Reached XP level 3. HP: 21/21 MP: 6/6
   871 | D:1      | HP: 1/21 [poisoned by a goblin]
   872 | D:1      | Succumbed to a goblin's poison

Illustrated notes

Levels and vault maps discovered:
D:1:      dpeg_arrival_caged_fury, layout_basic, minmay_tall_x

Skill      XL: |  1 |
---------------+----+-----
Poison Magic   | 4 |  4.3
Dodging        | |  2.3
Stealth        | |  2.7
Spellcasting   | |  2.2
Transmutations | |  1.3

Action                   || total
-------------------------++-------
Melee: Unarmed           ||    18
       Constrict         ||     8
       Tentacles         ||     4
       Club              ||     4
 Cast: Sting             ||    22
  Use: Scroll            ||     3
 Stab: Sleeping          ||     1
Armor: Skin              ||     6
Dodge: Dodged            ||    21

Table legend: (Time is in decaauts)
 A = Elapsed time spent in this place.
 B = Non-inter-level travel time spent in this place.
 C = Inter-level travel time spent in this place.
 D = Time resting spent in this place.
 E = Time spent auto-exploring this place.
 F = Levels seen in this place.
 G = Mean time per level.
                   A        B        C        D        E       F      G
               +--------+--------+--------+--------+--------+-----+--------+
         Total |    872 |    872 |      0 |    505 |    168 |   1 |  872.0 |
       Dungeon |    872 |    872 |      0 |    505 |    168 |   1 |  872.0 |
               +--------+--------+--------+--------+--------+-----+--------+

Top non-repeatable levels by time:
     D:1: 872 daAuts
